 Dungeon Crawl Stone Soup version 0.31.0-11-ge490571c62 (webtiles) character file.

Game seed: 14531989212499859484

527 qw the Ducker (level 7, -1/35 HPs)
             Began as a Spriggan Hunter on Feb 5, 2024.
             Incinerated by a bombardier beetle (2 damage)
             ... with a burning spray
             ... on level 5 of the Dungeon.
             The game lasted 00:01:23 (3691 turns).

qw the Ducker (Spriggan Hunter)                     Turns: 3691, Time: 00:01:23

Health: -1/35      AC: -6    Str: 13    XL:     7   Next: 3%
Magic:  8/8        EV: 22    Int: 10    God:
Gold:   267        SH:  0    Dex: 21    Spells: 6/6 levels left

rFire   + . .        a - +1 shortbow
rCold   . . .        (shield currently unavailable)
rNeg    . . .        c - +0 robe
rPois   .            (helmet restricted)
rElec   .            (no cloak)
rCorr   .            (gloves unavailable)
SInv    +            (boots unavailable)
Will    +....        (no amulet)
Stlth   +            j - +6 ring of strength
HPRegen 0.25/turn    g - ring of protection from fire
MPRegen 0.11/turn

%: no passive effects
@: on fire, corroded, glowing, very quick
A: very small, no large weapons, unfitting armour, see invisible, speed 3
a: no special abilities


You were on level 5 of the Dungeon.
You visited 1 branch of the dungeon, and saw 5 of its levels.

You collected 267 gold pieces.


Innate Abilities, Weirdness & Mutations

You are very small and have problems with some larger weapons.
You are too small for most types of armour.
You have supernaturally acute eyesight. (SInv)
You cover ground extremely quickly. (Speed+++)


   Skills:
 - Level 2.9 Fighting
 + Level 6.4 Ranged Weapons
 - Level 6.5 Dodging
 - Level 1.5 Stealth


You had 6 spell levels left.
You didn't know any spells.
Your spell library was empty.

Inventory:

Hand Weapons
 a - a +1 shortbow (weapon)
Armour
 c - a +0 robe (worn)
Jewellery
 g - a ring of protection from fire (right hand)
 j - a +6 ring of strength (left hand)
 k - the ring of the Swan {MP+9 Str+3}
   (You found it on level 5 of the Dungeon)

   [ring of magical power]

   Str+3:     It affects your strength (+3).
   MP+9:      It affects your magic capacity (+9).
Wands
 b - a wand of flame (3)
Potions
 d - a potion of curing
 f - a potion of invisibility {unknown}
 h - a potion of enlightenment
 i - a potion of cancellation {unknown}

Dungeon Overview and Level Annotations

Branches:
Dungeon (5/15)
 Temple: D:4-7

Altars:
Kikubaaqudgha
Ru
Sif Muna
The Shining One

Annotations:
D:3 1 runed translucent door, qw's ghost, weakling DEHu


Message History

The arrow hits the bombardier beetle but does no damage.
The bombardier beetle is moderately wounded.
The liquid fire burns you! The bombardier beetle misses you.
You shoot an arrow.
The arrow hits the bombardier beetle but does no damage.
The bombardier beetle is moderately wounded.
The liquid fire burns you!
The bombardier beetle sprays incendiary fluid at you.
The burning spray hits you.
You are even more covered in liquid fire!
You shoot an arrow.
The arrow completely misses the bombardier beetle.
The liquid fire burns you!
You shoot an arrow. The arrow hits the bombardier beetle!
The bombardier beetle is severely wounded.
The liquid fire burns you!
The bombardier beetle completely misses you.
You shoot an arrow.
The arrow hits the bombardier beetle but does no damage.
The bombardier beetle is severely wounded.
The liquid fire burns you!
You shoot an arrow.
The arrow completely misses the bombardier beetle.
The liquid fire burns you!
The bombardier beetle sprays incendiary fluid at you.
The burning spray hits you.
You are even more covered in liquid fire!
You shoot an arrow.
The arrow hits the bombardier beetle but does no damage.
The bombardier beetle is severely wounded.
The liquid fire burns you!
The bombardier beetle barely misses you.
You shoot an arrow. The arrow hits the bombardier beetle!
You kill the bombardier beetle!
The liquid fire burns you!
You have reached level 7!
You are on fire!
The liquid fire burns you!
You die...

....................#
....................#
...##...............#
.. #.....##...##...#
. ########...# ...#
...#...## ..# ......#
^... #...## ... #%@.#
.......?.#
...........
...[.........
##############


There were no monsters in sight!

Vanquished Creatures
  2 ogres (D:4)
  A scorpion (D:5)
  A jelly (D:5)
  2 bombardier beetles
  A hound (D:5)
  An iguana (D:5)
  5 adders
  4 dart slugs
  4 ribbon worms
  6 orcs
  6 endoplasms
  A giant cockroach (D:1)
  5 goblins
  7 hobgoblins
  3 jackals
  5 quokkas
  10 ball pythons
  3 bats
  2 frilled lizards
  10 kobolds
  8 rats
87 creatures vanquished.

Notes
Turn   | Place    | Note
-------+----------+-------------------------------------------
     0 | D:1      | qw the Spriggan Hunter began the quest for the Orb.
     0 | D:1      | Reached XP level 1. HP: 10/10 MP: 2/2
     0 | D:1      | 0 ||| qw: Version: 0.3-a-160-g6735b56
     0 | D:1      | 0 ||| qw: Game counter: 6408
     0 | D:1      | 0 ||| qw: Melee chars always use a shield: true
     0 | D:1      | 0 ||| qw: God list: Okawaru
     0 | D:1      | 0 ||| qw: Allow faded altars: false
     0 | D:1      | 0 ||| qw: Do Orc after clearing Dungeon:15 true
     0 | D:1      | 0 ||| qw: Do second Lair branch before Depths: true
     0 | D:1      | 0 ||| qw: Lair rune preference: random
     0 | D:1      | 0 ||| qw: Goals: Normal
     0 | D:1      | 0 ||| PLANNING D:1-11
   113 | D:1      | Reached skill level 3 in Dodging
   258 | D:1      | Reached XP level 2. HP: 14/14 MP: 3/3
   970 | D:1      | 970 ||| READING scroll labelled KAHIUP EMIAW.
   970 | D:1      | 970 ||| IDENTIFYING viscous puce potion
   971 | D:1      | 971 ||| READING scroll labelled HUREFF OSYH.
   971 | D:1      | 971 ||| ENCHANTING +0 shortbow.
   972 | D:1      | 972 ||| DRINKING 2 lumpy yellow potions.
   973 | D:1      | 973 ||| DROPPING scroll of butterflies.
  1081 | D:2      | Reached XP level 3. HP: 18/18 MP: 4/4
  1438 | D:2      | Reached XP level 4. HP: 22/22 MP: 5/5
  1566 | D:2      | You fall into a shaft and drop 1 floor!
  1570 | D:3      | 1570 ||| READING 2 scrolls labelled HIAWARRUITE.
  1671 | D:3      | 1671 ||| DROPPING scroll of vulnerability.
  1679 | D:3      | 1679 ||| FLEEEEING.
  1680 | D:3      | 1680 ||| STAIRDANCE
  2033 | D:3      | Found a runed translucent door.
  2035 | D:3      | Noticed a bullfrog
  2041 | D:3      | Noticed qw's ghost (weakling DEHu)
  2106 | D:3      | Found a glowing golden altar of the Shining One.
  2263 | D:3      | Found a faded altar of an unknown god.
  2469 | D:3      | 2469 ||| UPGRADING to +6 ring of strength.
  2470 | D:3      | 2470 ||| READING scroll labelled LATZAU USMUEK.
  2471 | D:3      | 2471 ||| READING scroll labelled SAPLOEMAKA.
  2472 | D:3      | 2472 ||| READING scroll labelled CIUTUOFRYFEE.
  2506 | D:4      | Noticed an ogre
  2514 | D:4      | 2514 ||| ZAPPING wand of flame (16) at 2,1 (ogre; floor).
  2515 | D:4      | 2515 ||| ZAPPING wand of flame (15) at 1,0 (ogre; floor).
  2516 | D:4      | 2516 ||| ZAPPING wand of flame (14) at 1,0 (ogre; floor).
  2517 | D:4      | 2517 ||| ZAPPING wand of flame (13) at 1,0 (ogre; floor).
  2518 | D:4      | 2518 ||| ZAPPING wand of flame (12) at 1,0 (ogre; floor).
  2519 | D:4      | 2519 ||| ZAPPING wand of flame (11) at 1,0 (ogre; floor).
  2520 | D:4      | 2520 ||| ZAPPING wand of flame (10) at 1,0 (ogre; floor).
  2520 | D:4      | Killed an ogre
  2521 | D:4      | Reached XP level 5. HP: 24/28 MP: 6/6
  2669 | D:4      | Noticed an ogre
  2671 | D:4      | 2671 ||| ZAPPING wand of flame (9) at 6,-5 (ogre; floor).
  2672 | D:4      | 2672 ||| ZAPPING wand of flame (8) at 5,-5 (ogre; floor).
  2673 | D:4      | 2673 ||| ZAPPING wand of flame (7) at 4,-4 (ogre; floor).
  2674 | D:4      | 2674 ||| ZAPPING wand of flame (6) at 3,-3 (ogre; floor).
  2675 | D:4      | 2675 ||| ZAPPING wand of flame (5) at 2,-2 (ogre; floor).
  2676 | D:4      | 2676 ||| ZAPPING wand of flame (4) at 1,-1 (ogre; floor).
  2676 | D:4      | Killed an ogre
  2677 | D:4      | Reached skill level 6 in Ranged Weapons
  2677 | D:4      | Reached XP level 6. HP: 32/32 MP: 7/7
  2785 | D:4      | Found a sacrificial altar of Ru.
  2805 | D:4      | HP: 8/32 [orc/+0 club (2)]
  3127 | D:4      | 3127 ||| UPGRADING to ring of protection from fire.
  3128 | D:4      | 3128 ||| READING scroll of identify.
  3128 | D:4      | 3128 ||| IDENTIFYING inky potion
  3481 | D:4      | Found an ancient bone altar of Kikubaaqudgha.
  3488 | D:4      | Found a shimmering blue altar of Sif Muna.
  3579 | D:5      | Entered Level 5 of the Dungeon
  3604 | D:5      | Reached skill level 6 in Dodging
  3647 | D:5      | Identified the ring of the Swan {MP+9 Str+3}
  3673 | D:5      | HP: 7/32 [acid (6)]
  3674 | D:5      | 3674 ||| DRINKING potion of heal wounds.
  3685 | D:5      | HP: 8/32 [burnt (2)]
  3689 | D:5      | HP: 1/32 [burnt (3)]
  3691 | D:5      | Reached XP level 7. HP: 1/35 MP: 8/8
  3691 | D:5      | Incinerated by a bombardier beetle

Levels and vault maps discovered:
D:1:      dpeg_arrival_round_a, layout_loops_corners
D:2:      layout_loops_ring, nrook_loot_triangle, hex_large
D:3:      layout_rooms, mainiacjoe_overflow_alcove_4,
          hellmonk_ecumenical_altar_pennies_from_heaven, ebering_ghost_sewer_d
D:4:      layout_basic, amethyst_overflow_temple_binary,
          mainiacjoe_overflow_tiny_flanked, serial_glass, glass_columns_b,
          glass_columns_c, glass_columns_a, glass_columns_c, glass_columns_b,
          glass_columns_a, glass_columns_a, glass_columns_b, glass_columns_a,
          glass_columns_a, minmay_surrounded
D:5:      layout_gridville, uniq_eustachio

Skill      XL: |  1  2  3  4  5  6 |
---------------+-------------------+-----
Dodging        | 3 4 5 6 |  6.5
Ranged Weapons | 5 6 |  6.4
Fighting       | 2 |  2.9
Stealth        | |  1.5

Action                     |  1- 3 |  4- 6 |  7- 9 || total
---------------------------+-------+-------+-------++-------
   Fire: Shortbow          |   134 |   156 |       ||   290
  Evoke: Wand              |       |    13 |       ||    13
    Use: Scroll            |     2 |     5 |       ||     7
         Potion            |     1 |     1 |       ||     2
 Armour: Robe              |    10 |    26 |       ||    36
  Dodge: Dodged            |    62 |    77 |       ||   139

Table legend:
 A = Non-vault XP
 B = Vault XP
 C = Vault XP percentage of total XP
 D = Non-vault monster count
 E = Vault monster count
 F = Vault count percentage of total count
                 A         B        C        D         E       F
            +---------+---------+-------+---------+---------+-------
      Total |     616 |     138 |  18.3 |      81 |       6 |   6.9
            +---------+---------+-------+---------+---------+-------
        D:1 |      40 |       0 |   0.0 |      25 |       0 |   0.0
        D:2 |      67 |       0 |   0.0 |      23 |       0 |   0.0
        D:3 |      21 |       0 |   0.0 |       9 |       0 |   0.0
        D:4 |     220 |     138 |  38.5 |      19 |       6 |  24.0
        D:5 |     268 |       0 |   0.0 |       5 |       0 |   0.0
            +---------+---------+-------+---------+---------+-------
